 Dungeon Crawl Stone Soup version 0.20-a0-351-gc9b4002 (webtiles) character file.

766 Duffy the Skirmisher (level 7, 0/70 HPs)
             Began as a Naga Wanderer on Dec 27, 2016.
             Slain by an orc
             ... wielding a +0 trident
              (8 damage)
             ... on level 4 of the Dungeon.
             The game lasted 00:06:58 (4900 turns).

Duffy the Skirmisher (Naga Wanderer)                Turns: 4900, Time: 00:06:59

Health: 0/70       AC:  6    Str: 13    XL:     7   Next: 82%
Magic:  7/7        EV:  6    Int: 13    God:
Gold:   123        SH:  0    Dex: 13    Spells: 6/6 levels left

rFire  . . .     SeeInvis +     a - +2 falchion
rCold  . . .     Gourm    .     k - +0 scale mail
rNeg   . . .     Faith    .     p - +0 buckler
rPois  +         Spirit   .     (no helmet)
rElec  .         Reflect  .     (no cloak)
rCorr  .         Harm     .     (no gloves)
MR     .....                    (no barding)
Stlth  +.........               x - amulet of magic regeneration
                                (no ring)
                                j - ring of stealth

@: confused, very slow
A: see invisible, deformed body, poison resistance, slowness 2, slow metabolism
1, spit poison 1, AC +2
a: Spit Poison


You were on level 4 of the Dungeon.
You were not hungry.

You visited 2 branches of the dungeon, and saw 5 of its levels.

You collected 123 gold pieces.

Inventory:

Hand Weapons
 a - a +2 falchion (weapon)
 q - a +0 falchion of holy wrath
 t - a +0 whip of draining
Armour
 k - a +0 scale mail (worn)
 p - a +0 buckler (worn)
 u - a +0 chain mail
Jewellery
 j - a ring of stealth (left hand)
 r - an uncursed amulet of the gourmand
 x - an amulet of magic regeneration (around neck)
Wands
 c - a wand of random effects (6/48)
 y - a wand of random effects (18/48)
 z - a wand of random effects (24/48)
Scrolls
 h - 3 scrolls of recharging
 i - 2 scrolls of remove curse {unknown}
 l - 2 scrolls of teleportation
 n - 2 scrolls of blinking {unknown}
 v - 2 scrolls of noise {unknown}
Potions
 e - a potion of ambrosia {unknown}
 g - a potion of flight
 m - a potion of agility
 s - a potion of magic {unknown}
 w - a potion of lignification {unknown}
Comestibles
 d - 2 meat rations
 f - 3 bread rations
 o - a beef jerky


   Skills:
 + Level 6.4 Fighting
 - Level 2.0 Long Blades
 + Level 4.1 Armour
 - Level 1.5 Stealth
 - Level 2.4 Shields
   Level 3.0 Transmutations
 - Level 1.0 Evocations


You had 6 spell levels left.
You didn't know any spells.

Dungeon Overview and Level Annotations

Branches:
Dungeon (4/15)             Temple (1/1) D:4

Altars:
Ashenzari
Elyvilon
Fedhas
Gozag
Hepliaklqana
Kikubaaqudgha
Makhleb
Nemelex Xobeh
Okawaru
Qazlal
Ru
Uskayaw
Vehumet
Yredelemnul
Zin
The Shining One


Innate Abilities, Weirdness & Mutations

You cannot wear boots.
Your serpentine skin is tough. (AC +2)
You have supernaturally acute eyesight. (SInv)
Armour fits poorly on your strangely shaped body.
Your system is resistant to poisons. (rPois)
You cover ground very slowly.
You have a slow metabolism.
You can spit poison.


Message History

You are confused.
The orc wizard hits you with a dagger. The orc barely misses you.
Things that are here:
a flail; a war axe; an orc corpse The orc wizard barely misses you.
The orc wizard hits you with a dagger. The orc barely misses you.
The orc wizard casts a spell at you.
You are more confused.
Things that are here:
a flail; a war axe; an orc corpse You hit the orc wizard.
The orc wizard is heavily wounded.
The orc hits you with a trident.
The orc wizard hits you but does no damage.
The orc barely misses you.
The orc wizard hits you but does no damage.
The orc hits you with a trident.
There is a stone staircase leading up, spattered with blood here.
The orc hits you from afar with a trident!
You die...

.....# #..# .. ..>%.
##..## . .... ....# .
..#########...# ### #.
##'##.....##[..#
.##..##'##.%##......)[..#
...............[>(......#
...........##(.##'########
#.....##@.##..##.######..
#.....##o<##.............
#........o)..............
#......................).
#.....##..##.............
#.....##..##.............
#.....#...##..#######....
#.....#...##..# #....
#...####..##... .....


You could see an orc wizard and an orc.

Vanquished Creatures
  A soldier ant (D:4)
  An ogre (D:4)
  A boggart (D:4)
  A scorpion (D:4)
  2 hounds (D:3)
  4 orc priests
  4 orc wizards
  5 adders (D:3)
  An ooze (D:4)
  3 worms
  A dart slug (D:4)
  A leopard gecko (D:2)
  16 orcs
  A ball python (D:2)
  5 bats
  5 giant cockroaches
  11 goblins
  6 hobgoblins
  10 jackals
  4 kobolds
  A quokka (D:4)
  7 frilled lizards
  8 rats
99 creatures vanquished.

Notes
Turn   | Place    | Note
-------+----------+-------------------------------------------
     0 | D:1      | Duffy the Naga Wanderer began the quest for the Orb.
     0 | D:1      | Duffy set off with: a +2 falchion, a potion of curing, a wand of random effects (15/48), a +0 robe, a bread ration
     0 | D:1      | Reached XP level 1. HP: 21/21 MP: 1/1
   331 | D:1      | Reached XP level 2. HP: 25/28 MP: 2/2
  1091 | D:2      | Reached skill level 4 in Fighting
  1171 | D:2      | Reached XP level 3. HP: 36/36 MP: 3/3
  1278 | D:2      | Reached skill level 1 in Shields
  2013 | D:3      | Reached skill level 2 in Shields
  2013 | D:3      | Reached XP level 4. HP: 34/44 MP: 4/4
  2350 | D:3      | Reached XP level 5. HP: 23/50 MP: 5/5
  2360 | D:3      | Reached skill level 1 in Armour
  3126 | D:3      | Found a glowing golden altar of the Shining One.
  3265 | D:4      | Found a staircase to the Ecumenical Temple.
  3277 | Temple   | Entered the Ecumenical Temple
  3620 | Temple   | Reached XP level 6. HP: 60/60 MP: 6/6
  3632 | Temple   | Reached skill level 5 in Fighting
  3632 | Temple   | Reached skill level 2 in Armour
  4364 | D:4      | Found a basalt altar of Yredelemnul.
  4380 | D:4      | Reached skill level 3 in Armour
  4380 | D:4      | Reached XP level 7. HP: 16/67 MP: 7/7
  4594 | D:4      | Noticed a human
  4594 | D:4      | an ogre changed into a human
  4598 | D:4      | Noticed a soldier ant
  4598 | D:4      | a human changed into a soldier ant
  4607 | D:4      | Killed a soldier ant
  4607 | D:4      | Reached skill level 6 in Fighting
  4651 | D:4      | Reached skill level 4 in Armour
  4900 | D:4      | Slain by an orc

Vault maps used:
D:1:      zelgadis_glass_arrival_large, minivault_24, bh_walls_and_bars
D:2:      first_bread
D:3:      tso_altar, serial_bayou_pond_a, minmay_misc_feat_enclosed,
          grunt_ministairs_10, minmay_misc_feat_hallway
D:4:      xom_butterflies, yredelemnul_altar_generic
Temple:   eino_narrow_crystal_temple

Skill      XL: |  1  2  3  4  5  6  7 |
---------------+----------------------+-----
Fighting       | 4 5 6 |  6.4
Shields        | 2 |  2.4
Armour         | 1 3 4 |  4.1
Long Blades    | |  2.0
Stealth        | |  1.5
Transmutations | |  3.0
Evocations     | |  1.0

Action                   |  1- 3 |  4- 6 |  7- 9 || total
-------------------------+-------+-------+-------++-------
Melee: Falchion          |    80 |   172 |    42 ||   294
 Abil: Spit Poison       |    15 |    16 |     1 ||    32
Evoke: Wand              |       |       |    24 ||    24
  Use: Scroll            |     4 |     2 |       ||     6
       Potion            |       |     2 |     1 ||     3
 Stab: Distracted        |       |     1 |       ||     1
       Paralysed         |       |       |     6 ||     6
  Eat: Chunk             |    16 |     3 |       ||    19
Armor: Robe              |     1 |       |       ||     1
       Leather armour    |     7 |       |       ||     7
       Scale mail        |    11 |    84 |    11 ||   106
Dodge: Dodged            |    29 |    76 |    16 ||   121
Block: Buckler           |     9 |    40 |    13 ||    62
       Rpst.: Falchion   |     8 |    30 |     3 ||    41
